NCAA
WASHINGTON STATE COUGARS @ BAYLOR BEARS
05/09/2026
 
TOP OF THE 1ST
Washington State Cougars batting - Pitching for Baylor Bears : RHP Luke Rogers
Pitching: RHP Luke Rogers
Batting: RHB Bill McKinney 0-0: Called Strike
0-1: Foul Ball, location: 2F
0-2: Ball
1-2: Foul Ball, location: 2F
1-2: Hit by Pitch
Batting: RHB Mauro Paredes 0-0: Called Strike
0-1: Ball
1-1: Ball
2-1: Foul Ball, location: 2F
2-2: Strikes out swinging
Batting: RHB Thomas Bowman 0-0: Swinging Strike
0-1: Ball
1-1: Ball
2-1: Called Strike
2-2: Ball
3-2: Strikes out swinging
Batting: RHB Jesús Domínguez 0-0: Ball
1-0: SINGLE (Groundball, 6D)
Bill McKinney to second
Batting: RHB John Hall 0-0: Ball
1-0: Ball
2-0: Foul Ball, location: 2F
2-1: Foul Ball, location: 2F
2-2: Ball
3-2: Strikes out swinging
Top of the 1st over - 0 run(s), 1 hit(s), 0 error(s), 2 left on base; Washington State 0 - Baylor 0
BOTTOM OF THE 1ST
Baylor Bears batting - Pitching for Washington State Cougars : LHP Gregory Thompson
Pitching: LHP Gregory Thompson
Batting: LHB Alejandro Muńóz 0-0: Foul Ball, location: 2F
0-1: Called Strike
0-2: SINGLE (Line Drive, 4MD)
Batting: RHB Bill Ward 0-0: Called Strike
0-1: Foul Ball, location: 2F
0-2: Ball
1-2: Strikes out swinging
Batting: RHB Jesús Medrano 0-0: Ball
1-0: DOUBLE (Line Drive, 9LS)
Alejandro Muńóz to third
Runner from 3rd tries for Home, SAFE, throw made home
Batting: RHB Patrick Love 0-0: Called Strike
0-1: Fly out, F9 (Flyball, 89M)
Batting: RHB Nelson Burton 0-0: Called Strike
0-1: Called Strike
0-2: Ball
1-2: Ball
2-2: Ball
3-2: Base on Balls
Batting: RHB Arnie Williams 0-0: Called Strike
0-1: Ball
1-1: Ball
2-1: Ball
3-1: Base on Balls
Jesús Medrano to third
Nelson Burton to second
Batting: LHB Cipriano Rangel 0-0: Ball
1-0: Ball
2-0: Ball
3-0: Base on Balls
Jesús Medrano scores
Nelson Burton to third
Arnie Williams to second
Batting: RHB Greg Williams 0-0: Ball
1-0: Foul Ball, location: 2F
1-1: SINGLE (Flyball, 7LM)
Nelson Burton scores
Arnie Williams to third
Cipriano Rangel to second
Runner from 3rd tries for Home, SAFE, no throw or cutoff
Batting: LHB Jeff Sellers 0-0: Called Strike
0-1: Ball
1-1: Foul Ball, location: 2F
1-2: 3-RUN HOME RUN (Flyball, 89XD), Distance : 391 ft
Batting: LHB Alejandro Muńóz 0-0: Ball
1-0: Called Strike
1-1: Called Strike
1-2: Ball
2-2: Strikes out swinging
Bottom of the 1st over - 7 run(s), 4 hit(s), 0 error(s), 0 left on base; Washington State 0 - Baylor 7
TOP OF THE 2ND
Washington State Cougars batting - Pitching for Baylor Bears : RHP Luke Rogers
Batting: LHB Andrew Lockhart 0-0: Swinging Strike
0-1: Foul Ball, location: 2F
0-2: Strikes out looking
Batting: RHB Ismael Rodríguez 0-0: Called Strike
0-1: SINGLE (Groundball, 56D)
Batting: RHB Adam Gentry 0-0: Called Strike
0-1: Called Strike
0-2: Strikes out swinging
Batting: RHB Eddy Henderson 0-0: Called Strike
0-1: Ball
1-1: Ball
Ismael Rodríguez is caught stealing 2nd base
Top of the 2nd over - 0 run(s), 1 hit(s), 0 error(s), 0 left on base; Washington State 0 - Baylor 7
BOTTOM OF THE 2ND
Baylor Bears batting - Pitching for Washington State Cougars : LHP Gregory Thompson
Batting: RHB Bill Ward 0-0: Called Strike
0-1: Swinging Strike
0-2: Ball
1-2: Ball
2-2: Fly out, F7 (Flyball, 7LM)
Batting: RHB Jesús Medrano 0-0: Foul Ball, location: 2F
0-1: Ball
1-1: Ball
2-1: Ball
3-1: Swinging Strike
3-2: Base on Balls
Batting: RHB Patrick Love 0-0: Ball
Wild Pitch!
Jesús Medrano to second
1-0: Ball
2-0: Ball
3-0: Base on Balls
Batting: RHB Nelson Burton 0-0: Called Strike
0-1: 3-RUN HOME RUN (Flyball, 7LD), Distance : 336 ft
Pitching: LHP Don Springer
Batting: RHB Arnie Williams 0-0: Called Strike
0-1: Swinging Strike
0-2: Ball
1-2: Strikes out swinging
Batting: LHB Cipriano Rangel 0-0: Fly out, F7 (Popup, 5D)
Bottom of the 2nd over - 3 run(s), 1 hit(s), 0 error(s), 0 left on base; Washington State 0 - Baylor 10
TOP OF THE 3RD
Washington State Cougars batting - Pitching for Baylor Bears : RHP Luke Rogers
Batting: RHB Eddy Henderson 0-0: SINGLE (Groundball, 6MD)
Batting: RHB Bill McKinney 0-0: Called Strike
0-1: Swinging Strike
0-2: Ball
1-2: Strikes out swinging
Batting: RHB Mauro Paredes 0-0: Called Strike
0-1: Ball
1-1: Ball
2-1: Foul Ball, location: 2F
2-2: Foul Ball, location: 2F
2-2: Strikes out looking
Batting: RHB Thomas Bowman 0-0: Ball
1-0: SINGLE (Line Drive, 89S)
Eddy Henderson to second
Batting: RHB Jesús Domínguez 0-0: Called Strike
0-1: Fly out, F8 (Flyball, 8RM)
Top of the 3rd over - 0 run(s), 2 hit(s), 0 error(s), 2 left on base; Washington State 0 - Baylor 10
BOTTOM OF THE 3RD
Baylor Bears batting - Pitching for Washington State Cougars : LHP Don Springer
Batting: RHB Greg Williams 0-0: Called Strike
0-1: Ball
1-1: SINGLE (Line Drive, 78S)
Batting: LHB Jeff Sellers 0-0: Ball
1-0: Called Strike
1-1: Ball
2-1: Foul Ball, location: 2F
2-2: Ball
3-2: Foul Ball, location: 2F
3-2: SINGLE (Groundball, 6M)
Greg Williams to second
Batting: LHB Alejandro Muńóz 0-0: Called Strike
0-1: Ball
1-1: Ball
2-1: Called Strike
2-2: Ball
3-2: Foul Ball, location: 2F
3-2: Base on Balls
Greg Williams to third
Jeff Sellers to second
Batting: RHB Bill Ward 0-0: Swinging Strike
0-1: Foul Ball, location: 2F
0-2: Strikes out swinging
Batting: RHB Jesús Medrano 0-0: Called Strike
0-1: Ball
1-1: Foul Ball, location: 2F
1-2: Foul Ball, location: 2F
1-2: Strikes out swinging
Batting: RHB Patrick Love 0-0: Fielders Choice at 2nd, U4 (Groundball, 4M)
Bottom of the 3rd over - 0 run(s), 2 hit(s), 0 error(s), 3 left on base; Washington State 0 - Baylor 10
TOP OF THE 4TH
Washington State Cougars batting - Pitching for Baylor Bears : RHP Luke Rogers
Batting: RHB John Hall 0-0: Ball
1-0: Ground out 5-3 (Groundball, 5S)
Batting: LHB Andrew Lockhart 0-0: Fly out, F9 (Flyball, 9M)
Batting: RHB Ismael Rodríguez 0-0: Ball
1-0: Called Strike
1-1: Ball
2-1: SINGLE (Groundball, 56)
Batting: RHB Adam Gentry 0-0: Ball
1-0: Called Strike
1-1: Foul Ball, location: 2F
1-2: Ball
2-2: Ball
3-2: Foul Ball, location: 2F
3-2: Base on Balls
Ismael Rodríguez to second
Batting: RHB Eddy Henderson 0-0: SINGLE (Line Drive, 3D)
Ismael Rodríguez to third
Adam Gentry to second
Runner from 3rd tries for Home, SAFE, no throw or cutoff
Batting: RHB Bill McKinney 0-0: Ball
1-0: Ball
2-0: Ball
3-0: Called Strike
3-1: Base on Balls
Adam Gentry to third
Eddy Henderson to second
Batting: RHB Mauro Paredes 0-0: Ball
1-0: Ball
Wild Pitch!
Adam Gentry scores
Eddy Henderson to third
Bill McKinney to second
2-0: Fly out, F5 (Line Drive, 56)
Top of the 4th over - 2 run(s), 2 hit(s), 0 error(s), 2 left on base; Washington State 2 - Baylor 10
BOTTOM OF THE 4TH
Baylor Bears batting - Pitching for Washington State Cougars : LHP Don Springer
Batting: RHB Nelson Burton 0-0: Foul Ball, location: 2F
0-1: SOLO HOME RUN (Flyball, 7D), Distance : 353 ft
Batting: RHB Arnie Williams 0-0: Ball
1-0: Fly out, F8 (Flyball, 8RM)
Batting: LHB Cipriano Rangel 0-0: Fly out, F9 (Flyball, 89S)
Batting: RHB Greg Williams 0-0: Foul Ball, location: 2F
0-1: Ball
1-1: Foul Ball, location: 2F
1-2: Ball
2-2: Reached on error, E6 (Groundball, 6)
Batting: LHB Jeff Sellers 0-0: Called Strike
0-1: Ground out 4-3 (Groundball, 4)
Bottom of the 4th over - 1 run(s), 1 hit(s), 1 error(s), 1 left on base; Washington State 2 - Baylor 11
TOP OF THE 5TH
Washington State Cougars batting - Pitching for Baylor Bears : RHP Luke Rogers
Batting: RHB Thomas Bowman 0-0: Ball
1-0: Called Strike
1-1: SINGLE (Line Drive, 4D)
Batting: RHB Jesús Domínguez 0-0: Ball
1-0: Ball
2-0: Called Strike
2-1: Fly out, F9 (Flyball, 89M)
Pitching: RHP Fred Wheeler
Batting: RHB John Hall 0-0: Swinging Strike
0-1: Ball
1-1: Ball
2-1: Called Strike
2-2: Ball
3-2: Foul Ball, location: 2F
3-2: Foul Ball, location: 2F
3-2: Strikes out looking
Batting: LHB Andrew Lockhart 0-0: Called Strike
Thomas Bowman steals 2nd base
0-1: Ball
1-1: Ball
2-1: Ball
3-1: Called Strike
3-2: Base on Balls
Batting: RHB Ismael Rodríguez 0-0: Reached on Error, E6 (Popup, 6MD)
Thomas Bowman to third
Andrew Lockhart to second
Batting: RHB Adam Gentry 0-0: SINGLE (Flyball, 89S)
Thomas Bowman scores
Andrew Lockhart to third
Ismael Rodríguez to second
Runner from 3rd tries for Home, SAFE, no throw or cutoff
Batting: RHB Eddy Henderson 0-0: Ball
1-0: Fly out, F8 (Flyball, 8LM)
Top of the 5th over - 2 run(s), 2 hit(s), 1 error(s), 2 left on base; Washington State 4 - Baylor 11
BOTTOM OF THE 5TH
Baylor Bears batting - Pitching for Washington State Cougars : LHP Don Springer
Batting: LHB Alejandro Muńóz 0-0: Ball
1-0: Ball
2-0: Ball
3-0: Base on Balls
Batting: RHB Bill Ward 0-0: Ball
1-0: Ball
2-0: Fly out, F6 (Line Drive, 6D)
Batting: RHB Jesús Medrano 0-0: Ball
1-0: Foul Ball, location: 2F
1-1: Foul Ball, location: 2F
1-2: Ball
2-2: Foul Ball, location: 2F
2-2: Ball
3-2: Strikes out swinging
Batting: RHB Patrick Love 0-0: Called Strike
0-1: Fielders Choice at 2nd, 6-4 (Groundball, 6MS)
Bottom of the 5th over - 0 run(s), 0 hit(s), 0 error(s), 0 left on base; Washington State 4 - Baylor 11
TOP OF THE 6TH
Washington State Cougars batting - Pitching for Baylor Bears : RHP Fred Wheeler
Batting: RHB Bill McKinney 0-0: Ball
1-0: Fly out, F9 (Flyball, 89M)
Batting: RHB Mauro Paredes 0-0: Ball
1-0: Called Strike
1-1: Ground out 1-3 (Groundball, 25)
Batting: RHB Thomas Bowman 0-0: Ball
1-0: Called Strike
1-1: Ground out 6-3 (Groundball, 6M)
Top of the 6th over - 0 run(s), 0 hit(s), 0 error(s), 0 left on base; Washington State 4 - Baylor 11
BOTTOM OF THE 6TH
Baylor Bears batting - Pitching for Washington State Cougars : LHP Don Springer
Pitching: RHP Sidney MacWhannell
Batting: RHB Nelson Burton 0-0: Ball
1-0: Foul Ball, location: 2F
1-1: Swinging Strike
1-2: Strikes out swinging
Batting: RHB Arnie Williams 0-0: Ball
1-0: Ball
2-0: Ball
3-0: Called Strike
3-1: Base on Balls
Batting: LHB Cipriano Rangel 0-0: Ball
1-0: Ball
2-0: Fly out, F9 (Flyball, 89M)
Batting: RHB Greg Williams 0-0: Ball
1-0: Called Strike
1-1: Fly out, F3 (Popup, 3D)
Bottom of the 6th over - 0 run(s), 0 hit(s), 0 error(s), 1 left on base; Washington State 4 - Baylor 11
TOP OF THE 7TH
Washington State Cougars batting - Pitching for Baylor Bears : RHP Fred Wheeler
Batting: RHB Jesús Domínguez 0-0: Ball
1-0: Ball
2-0: Ball
3-0: Called Strike
3-1: Base on Balls
Batting: RHB John Hall 0-0: Ball
1-0: Called Strike
1-1: Ball
2-1: Called Strike
2-2: Ball
3-2: Base on Balls
Jesús Domínguez to second
Batting: LHB Andrew Lockhart 0-0: Ball
1-0: Ball
2-0: Called Strike
2-1: Ball
3-1: Base on Balls
Jesús Domínguez to third
John Hall to second
Batting: RHB Ismael Rodríguez 0-0: Called Strike
0-1: Called Strike
0-2: Ball
1-2: Fly out, F3 (Popup, 3F)
Pitching: LHP Heath Frazier
Batting: RHB Adam Gentry 0-0: Ball
1-0: Ball
2-0: Foul Ball, location: 2F
2-1: Foul Ball, location: 2F
2-2: SINGLE (Flyball, 8RS)
Jesús Domínguez scores
John Hall to third
Andrew Lockhart to second
Batting: RHB Eddy Henderson 0-0: Called Strike
0-1: DOUBLE (Flyball, 89D)
John Hall scores
Andrew Lockhart scores
Adam Gentry to third
Batting: RHB Bill McKinney 0-0: Ball
1-0: SINGLE (Line Drive, 8RS)
Adam Gentry scores
Eddy Henderson to third
Runner from 3rd tries for Home, SAFE, throw made home
Batting: RHB Mauro Paredes 0-0: Ball
1-0: Called Strike
1-1: DOUBLE (Line Drive, 3D)
Bill McKinney to third
Batting: RHB Thomas Bowman 0-0: Ball
1-0: Called Strike
1-1: Ball
2-1: Foul Ball, location: 2F
2-2: Strikes out looking
Batting: RHB Jesús Domínguez 0-0: Ball
1-0: Called Strike
1-1: Ball
2-1: Ground out 4-3 (Groundball, 4)
Top of the 7th over - 5 run(s), 4 hit(s), 0 error(s), 2 left on base; Washington State 9 - Baylor 11
BOTTOM OF THE 7TH
Baylor Bears batting - Pitching for Washington State Cougars : RHP Sidney MacWhannell
Batting: LHB Jeff Sellers 0-0: SINGLE (Line Drive, 34D)
Batting: LHB Alejandro Muńóz 0-0: Bunted foul
0-1: Bunted foul
0-2: SINGLE (Groundball, 4MD)
Jeff Sellers to second
Batting: RHB Bill Ward 0-0: Foul Ball, location: 2F
0-1: Ball
1-1: Foul Ball, location: 2F
1-2: Strikes out swinging
Batting: RHB Jesús Medrano 0-0: Foul Ball, location: 2F
0-1: Ball
1-1: Ball
2-1: 3-RUN HOME RUN (Flyball, 7D), Distance : 348 ft
Pitching: LHP Bob Franklin
Batting: RHB Patrick Love 0-0: Foul Ball, location: 2F
0-1: Swinging Strike
0-2: Strikes out looking
Batting: RHB Nelson Burton 0-0: Ball
1-0: Ball
2-0: Ball
3-0: Base on Balls
Batting: RHB Arnie Williams 0-0: Ball
1-0: Foul Ball, location: 2F
1-1: Ball
2-1: Ball
3-1: Base on Balls
Nelson Burton to second
Batting: LHB Cipriano Rangel 0-0: SINGLE (Line Drive, 4M)
Nelson Burton to third
Arnie Williams to second
Runner from 3rd tries for Home, throw and OUT!
Bottom of the 7th over - 3 run(s), 4 hit(s), 0 error(s), 2 left on base; Washington State 9 - Baylor 14
TOP OF THE 8TH
Washington State Cougars batting - Pitching for Baylor Bears : LHP Heath Frazier
Batting: RHB John Hall 0-0: Ball
1-0: Fly out, F8 (Flyball, 8LM)
Batting: LHB Andrew Lockhart 0-0: Ground out 4-3 (Groundball, 34)
Batting: RHB Ismael Rodríguez 0-0: Called Strike
0-1: Swinging Strike
0-2: Ball
1-2: Strikes out swinging
Top of the 8th over - 0 run(s), 0 hit(s), 0 error(s), 0 left on base; Washington State 9 - Baylor 14
BOTTOM OF THE 8TH
Baylor Bears batting - Pitching for Washington State Cougars : LHP Bob Franklin
Batting: RHB Greg Williams 0-0: Foul Ball, location: 2F
0-1: Swinging Strike
0-2: Foul Ball, location: 2F
0-2: Ground out 1-3 (Groundball, 15)
Batting: LHB Jeff Sellers 0-0: Ball
1-0: Ball
2-0: Called Strike
2-1: Foul Ball, location: 2F
2-2: Foul Ball, location: 2F
2-2: Strikes out looking
Batting: LHB Alejandro Muńóz 0-0: Ball
1-0: Foul Ball, location: 2F
1-1: Foul Ball, location: 2F
1-2: Ball
2-2: Ball
3-2: Foul Ball, location: 2F
3-2: Foul Ball, location: 2F
3-2: Ground out 6-3 (Groundball, 6)
Bottom of the 8th over - 0 run(s), 0 hit(s), 0 error(s), 0 left on base; Washington State 9 - Baylor 14
TOP OF THE 9TH
Washington State Cougars batting - Pitching for Baylor Bears : LHP Heath Frazier
Now at SS: Tim Church
Now in CF: Rob Lowe
Batting: RHB Adam Gentry 0-0: Ball
1-0: Swinging Strike
1-1: Called Strike
1-2: Foul Ball, location: 2F
1-2: Strikes out swinging
Batting: RHB Eddy Henderson 0-0: Ball
1-0: Fly out, F9 (Flyball, 89S)
Batting: RHB Bill McKinney 0-0: Foul Ball, location: 2F
0-1: Called Strike
0-2: SINGLE (Groundball, 6)
Batting: RHB Mauro Paredes 0-0: Swinging Strike
0-1: Swinging Strike
0-2: Fielders Choice at 2nd, 5-4 (Groundball, 56)
Top of the 9th over - 0 run(s), 1 hit(s), 0 error(s), 0 left on base; Washington State 9 - Baylor 14
Monday, December 5th, 2016 - OOTP Baseball 17.12 Build 75